 Dungeon Crawl Stone Soup version 0.20-a0-495-g2241292 (webtiles) character file.

141 Jmtri7 the Skirmisher (level 5, -2/44 HPs)
             Began as a Merfolk Monk on Jan 19, 2017.
             Slain by an iguana (9 damage)
             ... on level 4 of the Dungeon.
             The game lasted 00:05:40 (2265 turns).

Jmtri7 the Skirmisher (Merfolk Monk)                Turns: 2265, Time: 00:05:40

Health: -2/44      AC:  7    Str: 11    XL:     5   Next: 24%
Magic:  0/5        EV: 10    Int: 12    God:
Gold:   106        SH:  0    Dex: 17    Spells: 4/4 levels left

rFire    . . .     SeeInvis .   a - +0 falchion
rCold    . . .     Gourm    .   s - +0 scale mail {rPois}
rNeg     . . .     Faith    .   (no shield)
rPois    +         Spirit   +   (no helmet)
rElec    .         Reflect  .   (no cloak)
rCorr    .         Harm     .   (no gloves)
MR       .....                  w - +0 pair of boots
Stlth    +.........             n - amulet of guardian spirit
Regen    0.2/turn               m - +2 ring of intelligence
                                x - ring of poison resistance

@: no status effects
A: change form in water, swift swim, stealthy swim
a: no special abilities


You were on level 4 of the Dungeon.
You were hungry.

You visited 1 branch of the dungeon, and saw 4 of its levels.

You collected 106 gold pieces.

Inventory:

Hand Weapons
 a - a +0 falchion (weapon)
Armour
 b - a +0 robe
 s - a +0 scale mail of poison resistance (worn)
 w - a +0 pair of boots (worn)
Jewellery
 m - a +2 ring of intelligence (right hand)
 n - an amulet of guardian spirit (around neck)
 x - a ring of poison resistance (left hand)
Scrolls
 e - a scroll of magic mapping {unknown}
 f - 5 scrolls of enchant armour {unknown}
 i - 2 scrolls of identify {unknown}
 l - 2 scrolls of blinking {unknown}
 o - 2 scrolls of teleportation {unknown}
 r - 2 scrolls of remove curse {unknown}
Potions
 d - 2 potions of curing {unknown}
 g - a potion of resistance {unknown}
 h - a potion of heal wounds {unknown}
 k - a potion of magic {unknown}
 q - a potion of degeneration {unknown}
 u - a potion of flight {unknown}
 z - a potion of lignification {unknown}
Comestibles
 c - a bread ration
 j - 2 meat rations
 p - a slice of pizza
 t - a beef jerky
 v - 3 fruits


   Skills:
 - Level 5.0 Fighting
 + Level 5.0 Long Blades
 - Level 4.0 Dodging
 - Level 2.1 Stealth


You had 4 spell levels left.
You didn't know any spells.

Dungeon Overview and Level Annotations

Branches:
Dungeon (4/15)
 Temple: D:4-7

Altars:
Ashenzari


Message History

The iguana barely misses you.
You hit the iguana but do no damage.
The iguana is severely wounded.
The iguana bites you.
Your scale mail prevents you from hitting the iguana.
The iguana is severely wounded.
The iguana bites you but does no damage.
You closely miss the iguana.
The iguana is severely wounded.
The iguana misses you.
You hit the iguana but do no damage.
The iguana is severely wounded.
The iguana bites you but does no damage.
You hit the iguana.
The iguana is almost dead.
The iguana barely misses you.
You hit the iguana.
The iguana is almost dead.
The iguana bites you!
You die...

...............#........
........<...............
#..$..##...###.........
#......#...###.........
.#......#....##.##......
........'....+...+......
...?....#....##..#......
....###.#....##...##....
.......@#....##.#.# ....
.......l#.......#.# ....
........##......#..# ...
........##...........<..
........##########.## #+
......... ..# #####....
#.# .....


You could see an iguana.

Vanquished Creatures
  A scorpion (D:4)
  2 adders
  A dart slug (D:3)
  2 orcs (D:3)
  5 giant cockroaches
  11 goblins
  13 hobgoblins
  5 jackals
  4 kobolds
  A ball python (D:3)
  7 bats
  2 frilled lizards
  10 rats
64 creatures vanquished.

Notes
Turn   | Place    | Note
-------+----------+-------------------------------------------
     0 | D:1      | Jmtri7 the Merfolk Monk began the quest for the Orb.
     0 | D:1      | Reached XP level 1. HP: 18/18 MP: 1/1
     6 | D:1      | Noticed a polar bear
     6 | D:1      | Noticed a redback
     6 | D:1      | Noticed a crocodile
     6 | D:1      | Noticed a wyvern
   144 | D:1      | Reached XP level 2. HP: 20/25 MP: 2/2
   247 | D:1      | Found a shattered altar of Ashenzari.
   658 | D:2      | Reached XP level 3. HP: 25/31 MP: 3/3
   866 | D:2      | Reached skill level 5 in Fighting
  1262 | D:3      | Reached XP level 4. HP: 39/39 MP: 4/4
  1973 | D:4      | Reached skill level 5 in Long Blades
  1973 | D:4      | Reached XP level 5. HP: 16/44 MP: 2/5
  2265 | D:4      | Slain by an iguana

Vault maps used:
D:1:      onia_arrival_zoo_common, ashenzari_altar_1
D:3:      minmay_goblin_kobold_house
D:4:      first_bread, dk_rats_in_the_wall

Skill      XL: |  1  2  3  4 |
---------------+-------------+-----
Fighting       | 4 5 |  5.0
Long Blades    | 5 |  5.0
Dodging        | |  4.0
Stealth        | |  2.1

Action                   |  1- 3 |  4- 6 || total
-------------------------+-------+-------++-------
Melee: Falchion          |   152 |   107 ||   259
  Eat: Chunk             |     1 |     3 ||     4
Armor: Ring mail         |    32 |       ||    32
       Scale mail        |    54 |    51 ||   105
Dodge: Dodged            |   118 |    68 ||   186
       Rpst.: Falchion   |    33 |    20 ||    53
